 Dungeon Crawl Stone Soup version 0.29.1-12-g30fa7ad0bf (webtiles) character file.

Game seed: 12741802949117783469

53 venomsnake the Chopper (level 3, 0/49 HPs)
             Began as a Minotaur Berserker on Dec 16, 2022.
             Was a Believer of Trog.
             Slain by a gnoll
             ... wielding a +0 flail
              (6 damage)
             ... on level 2 of the Dungeon.
             The game lasted 00:03:23 (1797 turns).

venomsnake the Chopper (Minotaur Berserker)         Turns: 1797, Time: 00:03:24

Health: 0/49       AC:  2    Str: 23    XL:     3   Next: 62%
Magic:  2/2        EV: 12    Int:  4    God:    Trog [**....]
Gold:   41         SH:  0    Dex:  9    Spells: 2/2 levels left

rFire   . . .      SeeInvis .   a - +0 hand axe
rCold   . . .      Faith    .   (no shield)
rNeg    . . .      Spirit   .   b - +0 animal skin
rPois   .          Reflect  .   (helmet restricted)
rElec   .          Harm     .   (no cloak)
rCorr   +          Rampage  .   (no gloves)
Will    .....                   (no boots)
Stlth   ..........              (no amulet)
HPRegen 0.16/turn               d - ring of resist corrosion
MPRegen 0.08/turn               (no ring)

@: berserking, very quick
A: horns 2, retaliatory headbutt
a: Renounce Religion, Berserk, Trog's Hand


You were on level 2 of the Dungeon.
You worshipped Trog.
Trog was pleased with you.
You visited 1 branch of the dungeon, and saw 2 of its levels.

You collected 41 gold pieces.

Inventory:

Hand Weapons
 a - a +0 hand axe (weapon)
Missiles
 c - 30 stones (quivered)
Armour
 b - a +0 animal skin (worn)
Jewellery
 d - a ring of resist corrosion (left hand)
Scrolls
 f - a scroll of torment {unknown}
Potions
 e - 2 potions of curing {unknown}


   Skills:
 + Level 4.2 Fighting
 + Level 4.2 Axes
 + Level 3.2 Armour
 + Level 2.9 Dodging


You had 2 spell levels left.
You didn't know any spells.
Your spell library was empty.

Dungeon Overview and Level Annotations

Branches:
Dungeon (2/15)

Altars:


Innate Abilities, Weirdness & Mutations

You have a pair of horns on your head.
You reflexively headbutt those who attack you in melee.


Message History

You miss the frilled lizard. The frilled lizard barely misses you.
You furiously retaliate!
You headbutt the frilled lizard!
You kill the frilled lizard!
Trog accepts your kill.
A gnoll comes into view. It is wielding a +1 spear of freezing.
You see here a frilled lizard corpse.
You see here a +0 club.
There is an open door here.
A gnoll comes into view. It is wielding a +0 flail.
You slash the gnoll! You headbutt the gnoll.
You kill the gnoll!
Trog accepts your kill. The gnoll closely misses you.
The gnoll hits you from afar with a +0 halberd!
The gnoll shouts!
The gnoll closely misses you.
There is an open door here.
Things that are here:
a +0 mace; a gnoll corpse You barely miss the gnoll.
You headbutt the gnoll, but do no damage.
The gnoll hits you with a +0 halberd!
You hit the gnoll.
The gnoll is heavily wounded.
The gnoll hits you but does no damage.
A red film seems to cover your vision as you go berserk!
You feel yourself moving faster!
You feel mighty!
The gnoll hits you from afar with a +1 spear of freezing.
The gnoll freezes you. The gnoll hits you with a +0 flail.
* * * LOW HITPOINT WARNING * * *
The gnoll hits you with a +0 halberd.
* * * LOW HITPOINT WARNING * * *
You barely miss the gnoll.
The gnoll is heavily wounded.
You hit the gnoll. You barely miss the gnoll.
The gnoll is heavily wounded.
You hit the gnoll. The gnoll completely misses you.
The gnoll hits you with a +0 flail.
You die...

##..... ####.....# #
#........+ #. #........#
###. #........#
....###### +.....#...
#......# #>..######
#......###### #...##....
#..†..g@....###...##..##
..'......gg####...#...#..
#. ..##.......#
###..###..# #. #########
##.....## #< ####..# ## .
## #. #. #. #.


You could see 3 gnolls.

Vanquished Creatures
  A gnoll (D:2)
  An adder (D:2)
  A dart slug (D:1)
  3 bats
  2 endoplasms
  A giant cockroach (D:1)
  A hobgoblin (D:1)
  4 jackals (D:2)
  A ball python (D:2)
  4 frilled lizards
  5 goblins
  5 kobolds
  2 rats (D:1)
31 creatures vanquished.

Notes
Turn   | Place    | Note
-------+----------+-------------------------------------------
     0 | D:1      | venomsnake the Minotaur Berserker began the quest for the
                  | Orb.
     0 | D:1      | Reached XP level 1. HP: 19/19 MP: 0/0
   334 | D:1      | Reached XP level 2. HP: 27/27 MP: 1/1
  1239 | D:2      | Reached XP level 3. HP: 33/33 MP: 2/2
  1394 | D:2      | Reached ** piety under Trog
  1797 | D:2      | Slain by a gnoll

Illustrated notes

Levels and vault maps discovered:
D:1:      giann_horns, layout_loops_corners, minivault_19
D:2:      kennysheep_six_static_rooms, layout_basic,
          amcnicky_mini_rare_corridor_liquid, uniq_sigmund

Skill      XL: |  1  2 |
---------------+-------+-----
Fighting       | 4 |  4.2
Axes           | 4 |  4.2
Armour         | 3 |  3.2
Dodging        | |  2.9

Action                   || total
-------------------------++-------
Melee: Hand axe          ||    65
       Headbutt          ||    12
Invok: Berserk           ||     1
Armor: Animal skin       ||    14
Dodge: Dodged            ||    55
